 Dungeon Crawl Stone Soup version 0.29.0-4-gdea44cf6ec (webtiles) character file.

Game seed: 17225611535893324367

2 qw the Sneak (level 1, 0/14 HPs)
             Began as a Gargoyle Delver on Sept 10, 2022.
             Slain by a jelly (1 damage)
             ... on level 5 of the Dungeon.
             The game lasted 00:00:05 (88 turns).

qw the Sneak (Gargoyle Delver)                        Turns: 88, Time: 00:00:05

Health: 0/14       AC:  5    Str: 15    XL:     1   Next: 40%
Magic:  1/1        EV: 11    Int: 10    God:
Gold:   0          SH:  0    Dex: 11    Spells: 0/0 levels left

rFire   . . .      SeeInvis .   a - +0 hand axe
rCold   . . .      Faith    .   (no shield)
rNeg    + . .      Spirit   .   b - +0 leather armour
rPois   inf        Reflect  .   (no helmet)
rElec   +          Harm     .   (no cloak)
rCorr   .          Rampage  .   (no gloves)
Will    .....                   (no boots)
Stlth   +++.......              (no amulet)
HPRegen 0.04/turn               (no ring)
MPRegen 0.07/turn               (no ring)

@: no status effects
A: sickness immunity, AC +2, negative energy resistance 1, electricity
resistance, torment resistance 1, petrification resistance
a: no special abilities


You were on level 5 of the Dungeon.
You visited 1 branch of the dungeon, and saw 1 of its levels.


Innate Abilities, Weirdness & Mutations

You are immune to sickness and miasma.
Your stone body is resilient. (AC +2)
You are immune to poison.
You resist negative energy. (rN+)
You are resistant to electric shocks. (rElec)
You are resistant to unholy torment.
You are immune to petrification.


   Skills:
 - Level 3.2 Fighting
 + Level 2.0 Axes
 - Level 1.5 Dodging
 - Level 5.4 Stealth


You couldn't memorise any spells.
You didn't know any spells.
Your spell library was empty.

Inventory:

Hand Weapons
 a - a +0 hand axe (weapon)
Armour
 b - a +0 leather armour (worn)
Wands
 g - a wand of digging (3)
Scrolls
 e - a scroll of fear
Potions
 f - a potion of haste

Dungeon Overview and Level Annotations

Branches:
Dungeon (5/15)
 Temple: D:4-7

Altars:


Message History

You start resting.
A jelly comes into view.
70 ||| Stepping ~*~*~tactically~*~*~ (stealth).
71 ||| Stepping ~*~*~tactically~*~*~ (stealth).
72 ||| Stepping ~*~*~tactically~*~*~ (stealth).
You start resting.
A jelly is nearby!
74 ||| Stepping ~*~*~tactically~*~*~ (stealth).
75 ||| Stepping ~*~*~tactically~*~*~ (stealth).
76 ||| Stepping ~*~*~tactically~*~*~ (stealth).
77 ||| Stepping ~*~*~tactically~*~*~ (stealth).
The jelly quivers.
You start resting.
There are monsters nearby!
79 ||| Stepping ~*~*~tactically~*~*~ (stealth).
You completely miss the jackal.
The jackal barks!
The jackal completely misses you.
The jackal bites you but does no damage.
You closely miss the jackal. The jackal closely misses you.
The jackal bites you.
You hit the jackal but do no damage. The jackal bites you.
You closely miss the jackal.
The jackal bites you but does no damage. x2
You hit the jackal.
You kill the jackal!
Your Axes skill increases to level 2!
You start resting.
A jelly is nearby!
You hit the jelly.
Your hands burn!
The jelly is moderately wounded.
The jelly hits you but does no damage. x2
You hit the jelly.
Your hands burn!
The jelly is moderately wounded.
The jelly hits you but does no damage.
You hit the jelly but do no damage.
Your hands burn!
The jelly is moderately wounded.
The jelly hits you.
You die...

####.######...
.....##..J..
#.......# .
#.......##...#
###........J..#
#...##.?#.......
##...##.##.......
...##...###.J#.......
.......>...@#........
##.#...#.##........<.
# #...#####.......<.
#.... ##.......
..P... ...... ..~~~~~
~~~~~~ ..~~~~~ ~~~~~~
..~~### ~~~


You could see a jelly.

Vanquished Creatures
  2 jackals (D:5)
2 creatures vanquished.

Notes
Turn   | Place    | Note
-------+----------+-------------------------------------------
     0 | D:5      | qw the Gargoyle Delver began the quest for the Orb.
     0 | D:5      | Reached XP level 1. HP: 14/14 MP: 1/1
     0 | D:5      | 0 ||| qw: Version: 0.1-a-116-g5d60599
     0 | D:5      | 0 ||| qw: Game counter: 9154
     0 | D:5      | 0 ||| qw: Always use a shield: true
     0 | D:5      | 0 ||| qw: God list: Okawaru
     0 | D:5      | 0 ||| qw: Allow faded altars: false
     0 | D:5      | 0 ||| qw: Do Orc after D:15 true
     0 | D:5      | 0 ||| qw: Do second Lair branch before Depths: true
     0 | D:5      | 0 ||| qw: Lair rune preference: random
     0 | D:5      | 0 ||| qw: Plans: Normal
     0 | D:5      | 0 ||| PLANNING D:1-11
    13 | D:5      | 13 ||| Stepping ~*~*~tactically~*~*~ (stealth).
    15 | D:5      | 15 ||| Stepping ~*~*~tactically~*~*~ (stealth).
    16 | D:5      | 16 ||| DROPPING scroll of fog.
    17 | D:5      | 17 ||| DROPPING scroll of magic mapping.
    53 | D:5      | 53 ||| Stepping ~*~*~tactically~*~*~ (stealth).
    64 | D:5      | 64 ||| Stepping ~*~*~tactically~*~*~ (stealth).
    65 | D:5      | 65 ||| Stepping ~*~*~tactically~*~*~ (stealth).
    66 | D:5      | 66 ||| Stepping ~*~*~tactically~*~*~ (stealth).
    69 | D:5      | Noticed a jelly
    70 | D:5      | 70 ||| Stepping ~*~*~tactically~*~*~ (stealth).
    71 | D:5      | 71 ||| Stepping ~*~*~tactically~*~*~ (stealth).
    72 | D:5      | 72 ||| Stepping ~*~*~tactically~*~*~ (stealth).
    74 | D:5      | 74 ||| Stepping ~*~*~tactically~*~*~ (stealth).
    75 | D:5      | 75 ||| Stepping ~*~*~tactically~*~*~ (stealth).
    76 | D:5      | 76 ||| Stepping ~*~*~tactically~*~*~ (stealth).
    77 | D:5      | 77 ||| Stepping ~*~*~tactically~*~*~ (stealth).
    79 | D:5      | 79 ||| Stepping ~*~*~tactically~*~*~ (stealth).
    87 | D:5      | HP: 2/14 [acid (5)]
    88 | D:5      | Slain by a jelly

Levels and vault maps discovered:
D:5:      lemuel_castle_with_subvaults [lemuel_castle_interior_carwin_2],
          layout_cave_pools, uniq_prince_ribbit1, uniq_sigmund,
          uniq_crazy_yiuf_cottage

Skill      XL: |  1 |
---------------+----+-----
Axes           | 2 |  2.0
Fighting       | |  3.2
Dodging        | |  1.5
Stealth        | |  5.4

Action                   || total
-------------------------++-------
Melee: Hand axe          ||    16
Armor: Leather armour    ||     8
Dodge: Dodged            ||    10

Table legend:
 A = Non-vault XP
 B = Vault XP
 C = Vault XP percentage of total XP
 D = Non-vault monster count
 E = Vault monster count
 F = Vault count percentage of total count
                 A         B        C        D         E       F
            +---------+---------+-------+---------+---------+-------
      Total |       0 |       4 | 100.0 |       0 |       2 | 100.0
            +---------+---------+-------+---------+---------+-------
        D:5 |       0 |       4 | 100.0 |       0 |       2 | 100.0
            +---------+---------+-------+---------+---------+-------
